 Dungeon Crawl Stone Soup version 0.23.2-33-g5129a83184 (webtiles) character file.

Game seed: 3195043001890773725

39 Folque the Conjurer (level 3, 0/28 HPs)
             Began as a Demigod Conjurer on July 13, 2019.
             Slain by a leopard gecko (2 damage)
             ... on level 1 of the Dungeon.
             The game lasted 00:02:59 (796 turns).

Folque the Conjurer (Demigod Conjurer)               Turns: 796, Time: 00:02:59

Health: 0/28       AC:  2    Str: 11    XL:     3   Next: 11%
Magic:  6/9        EV: 12    Int: 21    God:
Gold:   30         SH:  0    Dex: 16    Spells: 3/6 levels left

rFire    . . .     SeeInvis .   f - +0 short sword
rCold    . . .     Gourm    .   (no shield)
rNeg     . . .     Faith    .   a - +0 robe
rPois    .         Spirit   .   (no helmet)
rElec    .         Reflect  .   (no cloak)
rCorr    .         Harm     .   (no gloves)
MR       .....                  (no boots)
Stlth    ++........             (no amulet)
HPRegen  0.09/turn              (no ring)
MPRegen  0.11/turn              (no ring)

@: no status effects
A: high mp 1
a: no special abilities


You were on level 1 of the Dungeon.
You were not hungry.

You visited 1 branch of the dungeon, and saw 2 of its levels.

You collected 30 gold pieces.

Inventory:

Hand Weapons
 d - a +0 club
 f - a +0 short sword (weapon)
Armour
 a - a +0 robe (worn)
Jewellery
 m - a cursed -2 ring of intelligence {unknown}
Scrolls
 e - 3 scrolls of identify {unknown}
 g - a scroll of teleportation {unknown}
 h - 3 scrolls of blinking {unknown}
 k - a scroll of magic mapping {unknown}
 l - a scroll of noise {unknown}
Potions
 i - 5 potions of flight {unknown}
 j - a potion of lignification {unknown}
Comestibles
 b - 6 chunks of flesh
 c - 3 rations


   Skills:
 - Level 1.0 Fighting
 - Level 1.7 Dodging
 - Level 1.7 Stealth
 * Level 2.4 Spellcasting
 + Level 4.0 Conjurations


You had 3 spell levels left.
You knew the following spells:

 Your Spells              Type           Power        Failure   Level  Hunger
a - Magic Dart            Conj           ###.         2%          1    None
b - Searing Ray           Conj           ###...       4%          2    ##.....

Your spell library contained the following spells:

 Spells                   Type           Power        Failure   Level  Hunger
 Dazzling Spray           Conj/Hex       ##....       19%         3    ###....
 Iskenderun's Mystic Bla  Conj           ###.....     26%         4    ####...
 Force Lance              Conj/Tloc      ##......     52%         4    ####...
 Fulminant Prism          Conj/Hex       ##........   52%         4    ####...


Dungeon Overview and Level Annotations

Branches:
Dungeon (2/15)


Innate Abilities, Weirdness & Mutations

You have an increased reservoir of magic. (+10% MP)


Message History

Okay, then.
The leopard gecko closely misses you.
Things that are here:
a +0 leather armour; a stone; a +0 club
Casting: Searing Ray (safe; 4% risk of failure)
Confirm with . or Enter, or press ? or * to list all spells.
Aiming: Searing Ray (safe; 4% risk of failure)
Press: ? - help, Shift-Dir - straight line, f - kobold
Aim: a kobold, wielding a +0 short sword The searing ray misses the leopard gecko.
The searing ray hits the kobold.
You kill the kobold! (Press . to maintain the ray.)
The leopard gecko closely misses you.
The searing ray hits the leopard gecko.
The leopard gecko is severely wounded.
The leopard gecko bites you.
* * * LOW HITPOINT WARNING * * *
The leopard gecko bites you.
You die...

.#...###.##
...#..##..##########
.####.###....##....#
.# #.######.......#
.# #.#...#####....#
.## #.#...# #.)..#
..# #.#...# ##.###
#.# #.#...# #l# #.#
#.##..######@### #.#
#.##...........# #.#
#.##....)......# #.#
#.##...........# #.#
#.###..........#
#.###.##...........#
#..................#
......###..........#
....#.# #.##.......#


You could see a leopard gecko.

Vanquished Creatures
  An ooze (D:1)
  2 worms (D:2)
  A leopard gecko (D:1)
  A giant cockroach (D:1)
  5 goblins
  3 hobgoblins (D:1)
  4 kobolds (D:1)
  A ball python (D:1)
  4 bats
  A frilled lizard (D:2)
  4 rats
27 creatures vanquished.

Notes
Turn   | Place    | Note
-------+----------+-------------------------------------------
     0 | D:1      | Folque the Demigod Conjurer began the quest for the Orb.
     0 | D:1      | Reached XP level 1. HP: 14/14 MP: 5/5
   143 | D:1      | Reached XP level 2. HP: 10/22 MP: 1/7
   195 | D:1      | Learned a level 2 spell: Searing Ray
   298 | D:1      | Reached skill level 4 in Conjurations
   304 | D:1      | Reached skill level 1 in Fighting
   633 | D:2      | Reached XP level 3. HP: 27/28 MP: 3/9
   796 | D:1      | Slain by a leopard gecko

Skill      XL: |  1  2 |
---------------+-------+-----
Spellcasting   | 2 |  2.4
Conjurations   | 4 |  4.0
Fighting       | 1 |  1.0
Dodging        | |  1.7
Stealth        | |  1.7

Action                   || total
-------------------------++-------
Melee: Club              ||    19
       Short sword       ||    46
 Cast: Magic Dart        ||    13
       Searing Ray       ||     5
 Stab: Sleeping          ||     2
Armor: Robe              ||    17
Dodge: Dodged            ||    60
